 Dungeon Crawl Stone Soup version 0.26.1-11-gd32895ea62 (webtiles) character file.

Game seed: 17274876004115406971

5418 Fusha the Cutter (level 10, -1/74 HPs)
             Began as a Human Brigand on June 13, 2021.
             Was an Initiate of Gozag.
             Slain by an orc warrior
             ... wielding a cursed +0 battleaxe
              (12 damage)
             ... on level 10 of the Dungeon.
             The game lasted 00:59:39 (14003 turns).

Fusha the Cutter (Human Brigand)                   Turns: 14003, Time: 00:59:40

Health: -1/74      AC: 11    Str: 12    XL:     10   Next: 99%
Magic:  10/10      EV: 14    Int: 12    God:    Gozag
Gold:   480        SH:  5    Dex: 17    Spells: 9/9 levels left

rFire    . . .     SeeInvis .   b - +3 falchion (vorpal)
rCold    . . .     Faith    .   (no shield)
rNeg     . . .     Spirit   .   v - +4 ring mail
rPois    +         Reflect  +   (no helmet)
rElec    .         Harm     .   c - +0 cloak
rCorr    .         Rampage  .   (no gloves)
Will     +....                  (no boots)
Stlth    +++.......             B - amulet of reflection
HPRegen  0.22/turn              F - ring of poison resistance
MPRegen  0.12/turn              J - ring of willpower

@: very slightly contaminated, invisible
A: no striking features
a: Renounce Religion, Potion Petition, Call Merchant, Bribe Branch


You were on level 10 of the Dungeon.
You worshipped Gozag.
Gozag was aware of your devotion.
You visited 2 branches of the dungeon, and saw 11 of its levels.

You collected 1158 gold pieces.
You spent 560 gold pieces at shops.
You paid 118 gold pieces to Gozag.

Inventory:

Hand Weapons
 a - a +1 dagger of venom
 b - a +3 vorpal falchion (weapon)
 d - a +2 vampiric dagger
 H - a +2 dagger
Missiles
 e - 2 curare-tipped darts {!Q}
 q - 47 poisoned darts (quivered)
 r - 7 boomerangs
 u - 2 datura-tipped darts
Armour
 c - a +0 cloak (worn)
 j - a +3 leather armour of cold resistance
 k - a +0 ring mail
 t - the +4 robe "Saiqo Huu" {Dex+3}
   (You found it on level 4 of the Dungeon)

   It affects your dexterity (+3).
 v - a +4 ring mail (worn)
 x - a +0 robe
Jewellery
 B - an amulet of reflection (around neck)
 F - a ring of poison resistance (left hand)
 J - a ring of willpower (right hand)
Wands
 m - a wand of random effects (2)
 A - a wand of digging (5)
 I - a wand of paralysis (7)
Scrolls
 f - 14 scrolls of remove curse
 h - 4 scrolls of teleportation
 i - 2 scrolls of identify
 n - a scroll of amnesia {unknown}
 o - 2 scrolls of enchant armour {unknown}
 s - 2 scrolls of immolation
 w - 2 scrolls of blinking {unknown}
 y - a scroll of fog {unknown}
 C - a scroll of noise {unknown}
 E - 2 scrolls of fear {unknown}
 M - a scroll of magic mapping {unknown}
Potions
 g - 2 potions of invisibility
 l - a potion of cancellation
 p - 7 potions of curing
 z - a potion of ambrosia
 G - a potion of haste
 K - 2 potions of lignification
 L - a potion of berserk rage
Miscellaneous
 D - a condenser vane


   Skills:
 + Level 5.4 Fighting
 + Level 7.4(7.5) Short Blades
 + Level 2.0(5.1) Long Blades
 + Level 6.2 Throwing
 + Level 4.8 Armour
 + Level 6.3 Dodging
 + Level 7.1 Stealth
 - Level 4.0 Shields
 * Level 3.2 Evocations


You had 9 spell levels left.
You didn't know any spells.
Your spell library contained the following spells:

 Spells                   Type           Power        Failure   Level
 Animate Skeleton         Necr           0%           56%         1
 Apportation              Tloc           0%           56%         1
 Beastly Appendage        Tmut           0%           56%         1
 Corona                   Hex            0%           56%         1
 Sandblast                Erth           0%           56%         1
 Summon Small Mammal      Summ           0%           56%         1
 Ensorcelled Hibernation  Hex/Ice        0%           71%         2
 Passwall                 Tmut/Erth      0%           71%         2
 Wereblood                Tmut           0%           71%         2
 Confusing Touch          Hex            0%           91%         3
 Dazzling Flash           Conj/Hex       0%           91%         3
 Spider Form              Tmut/Pois      0%           91%         3
 Stone Arrow              Conj/Erth      0%           91%         3
 Tukima's Dance           Hex            0%           91%         3
 Ice Form                 Ice/Tmut       0%           100%        4
 Petrify                  Tmut/Erth      0%           100%        4
 Blade Hands              Tmut           0%           100%        5
 Lee's Rapid Deconstruct  Erth           0%           100%        5


Dungeon Overview and Level Annotations

Branches:
Dungeon (10/15)            Temple (1/1) D:5
   Lair: D:8-11         Orc: D:9-12

Altars:
Ashenzari
Cheibriados
Dithmenos
Elyvilon
Fedhas
Gozag
Hepliaklqana
Kikubaaqudgha
Makhleb
Nemelex Xobeh
Okawaru
Qazlal
Ru
Sif Muna
Trog
Uskayaw
Vehumet
Wu Jian
Xom
Yredelemnul
Zin
The Shining One

Shops:
D:8 =}   D:9 }


Message History

You hit the orc warrior but do no damage.
The orc warrior is lightly wounded.
The orc warrior closely misses you.
You riposte.
You barely miss the orc warrior.
The orc warrior is lightly wounded.
You hit the orc warrior but do no damage.
The orc warrior is lightly wounded.
The orc warrior barely misses you.
You barely miss the orc warrior.
The orc warrior is lightly wounded.
You block the orc warrior's attack.
You hit the orc warrior.
The orc warrior is moderately wounded.
The orc warrior hits you with a cursed +0 battleaxe!!
* * * LOW HITPOINT WARNING * * *
You fade into invisibility!
You are very lightly contaminated with residual magic.
The orc warrior hits you with a cursed +0 battleaxe!
You die...
Your body crumbles into a pile of gold.

##+####
#.$...#
#..o..#
#.@$..#
#>....+
#.....#
#.....#
#.....#
+.....#
#.....#
###+###


You could see an orc warrior.

Vanquished Creatures
  A hornet (D:9)
  5 humans (D:7)
  2 water moccasins
  A sky beast (D:5)
  A black bear (D:9)
  2 ice beasts
  2 phantoms
  4 ogres
  2 orc warriors (D:9)
  3 centaurs
  A big kobold (D:8)
  10 bullfrogs
  A wyvern zombie (D:9)
  5 scorpions
  7 killer bees
  6 howler monkeys
  6 wights
  A centaur zombie (D:5)
  A bullfrog zombie (D:9)
  2 centaur skeletons
  5 hounds
  4 orc priests
  7 orc wizards
  Ijyb (D:5)
  Terence (D:2)
  2 iguanas
  8 worker ants
  A killer bee zombie (D:5)
  A hound skeleton (D:9)
  4 gnolls (D:2)
  13 adders
  3 shadow imps
  2 white imps
  An ufetubus (D:9)
  An ooze (D:2)
  An adder zombie (D:5)
  2 adder skeletons
  A worm (D:3)
  3 dart slugs
  2 leopard geckos
  34 orcs
  4 bats
  8 giant cockroaches
  12 goblins
  8 hobgoblins
  8 jackals
  18 kobolds
  4 quokkas
  3 ball pythons
  2 frilled lizards
  A jackal zombie (D:5)
  A quokka zombie (D:9)
  6 rats
235 creatures vanquished.

Vanquished Creatures (others)
  An orc (D:5)
1 creature vanquished.

Grand Total: 236 creatures vanquished

Notes
Turn   | Place    | Note
-------+----------+-------------------------------------------
     0 | D:1      | Fusha the Human Brigand began the quest for the Orb.
     0 | D:1      | Reached XP level 1. HP: 16/16 MP: 1/1
   154 | D:1      | Reached XP level 2. HP: 17/22 MP: 2/2
   465 | D:1      | Reached XP level 3. HP: 27/27 MP: 3/3
  1206 | D:2      | Noticed Terence
  1242 | D:2      | Killed Terence
  1243 | D:2      | Reached skill level 5 in Stealth
  1243 | D:2      | Reached XP level 4. HP: 25/33 MP: 4/4
  1990 | D:2      | Reached XP level 5. HP: 25/38 MP: 5/5
  3317 | D:3      | Reached skill level 1 in Armour
  3650 | D:3      | Reached XP level 6. HP: 46/46 MP: 6/6
  4114 | D:3      | Found a basalt altar of Yredelemnul.
  4718 | D:4      | Got a distressingly furry robe
  4724 | D:4      | Noticed an ogre
  4747 | D:4      | Killed an ogre
  4748 | D:4      | Reached XP level 7. HP: 29/51 MP: 7/7
  5474 | D:5      | Entered Level 5 of the Dungeon
  6396 | D:5      | Identified the +4 robe "Saiqo Huu" {Dex+3} (You found it on
                  | level 4 of the Dungeon)
  6404 | D:5      | Found a staircase to the Ecumenical Temple.
  6460 | D:5      | Reached XP level 8. HP: 45/58 MP: 8/8
  7152 | D:5      | Reached skill level 5 in Short Blades
  7499 | D:5      | Found a broken altar of Ashenzari.
  7815 | D:5      | Found a stormy altar of Qazlal.
  7826 | D:5      | Found a hazy altar of Hepliaklqana.
  7830 | D:5      | Found an opulent altar of Gozag.
  7850 | D:5      | Noticed Ijyb
  7883 | D:5      | HP: 1/58 [acid (6)]
  7886 | D:5      | Killed Ijyb
  8726 | D:6      | Reached XP level 9. HP: 65/65 MP: 9/9
  9016 | D:6      | Reached skill level 1 in Shields
  9707 | Temple   | Entered the Ecumenical Temple
  9828 | D:5      | Became a worshipper of Gozag Ym Sagoz the Greedy
 10116 | D:7      | Found a shimmering altar of Xom.
 10116 | D:7      | Found a shimmering altar of Xom.
 10116 | D:7      | Found a shimmering altar of Xom.
 10118 | D:7      | Found a shimmering altar of Xom.
 10121 | D:7      | Found a shimmering altar of Xom.
 10121 | D:7      | Found a shimmering altar of Xom.
 10264 | D:7      | Reached skill level 5 in Throwing
 10277 | D:7      | Found a hide-covered altar of Uskayaw.
 10469 | D:7      | Reached skill level 5 in Dodging
 10585 | D:7      | Noticed a polar bear
 10847 | D:7      | Reached XP level 10. HP: 65/73 MP: 10/10
 11052 | D:7      | Found a glowing silver altar of Zin.
 11145 | D:7      | Found a shadowy altar of Dithmenos.
 11257 | D:7      | Noticed a cyclops
 11337 | D:7      | Noticed an elephant
 11350 | D:8      | Reached skill level 5 in Fighting
 11358 | D:7      | Noticed a torpor snail
 11358 | D:7      | an elephant changed into a torpor snail
 11359 | D:7      | a torpor snail changed into a swamp worm
 11406 | D:7      | Noticed a shock serpent
 11406 | D:7      | a swamp worm changed into a shock serpent
 11497 | D:8      | Found Ojacauwu's Gadget Shoppe.
 11517 | D:8      | Bought a condenser vane for 560 gold pieces
 11568 | D:8      | Noticed a gargoyle
 11589 | D:8      | Found Jokun's Jewellery Boutique.
 11651 | D:8      | Reached skill level 1 in Evocations
 11899 | D:8      | Noticed a gargoyle
 11922 | D:8      | Noticed a gargoyle
 12293 | D:8      | Noticed a gargoyle
 12362 | D:9      | D8 unexplored
 13463 | D:9      | Reached skill level 1 in Long Blades
 13917 | D:9      | Found Doihow's Gadget Emporium.
 13983 | D:10     | Entered Level 10 of the Dungeon
 14003 | D:10     | Slain by an orc warrior

Illustrated notes

#.. ..#
#..#####..#
#.........#
#.........####
#.............
#...........(.
####........s(...
.......<@........
######$..........
#..$.$...###
#........#
#........#
#........#
#.....####
#######


Turn 12362 on D:9: D8 unexplored

Levels and vault maps discovered:
D:1:      roderic_crossed_star, layout_basic
D:2:      layout_basic, minmay_3d_cube, uniq_terence
D:3:      minmay_wonky_spiral, layout_rooms, lemuel_doored_altar,
          gup_sewer_entry_bubbles, st_stairs_7
D:4:      layout_basic
D:5:      minmay_skewed_foursquare, layout_basic,
          minmay_overflow_temple_star_quad, lemuel_crystal_altar,
          minmay_temple_entry_large_hall, minmay_quadrilaterals, uniq_ijyb
D:6:      layout_basic, serial_bayou_pond_e
D:7:      layout_rooms, kennysheep_mini, xom_shifter_show, kennysheep_mini_moat,
          old_standard_altar, minmay_ruffians
D:8:      cheibrodos_statue_roulette, layout_basic, serial_shops, shop, shop,
          grunt_decor_fettered
D:9:      layout_irregular_city, serial_shops, shop, minmay_chambers_of_fives
D:10:     layout_roguey, erik_orc_3
Temple:   cyrus_circular_temple

Skill      XL: |  1  2  3  4  5  6  7  8  9 10 |
---------------+-------------------------------+-----
Stealth        | 5 6 7 |  7.1
Short Blades   | 3 4 5 6 7 |  7.4
Throwing       | 3 4 5 6 |  6.2
Armour         | 1 3 4 |  4.8
Dodging        | 2 3 5 6 |  6.3
Fighting       | 3 4 5 |  5.4
Shields        | 2 4 |  4.0
Evocations     | 3 |  3.2
Long Blades    | 2 |  2.0

Action                   |  1- 3 |  4- 6 |  7- 9 | 10-12 || total
-------------------------+-------+-------+-------+-------++-------
Melee: Dagger            |    64 |   186 |   741 |   189 ||  1180
       Falchion          |       |       |       |   209 ||   209
Throw: Dart              |     8 |    77 |    53 |    68 ||   206
       Boomerang         |       |       |       |     2 ||     2
Evoke: Wand              |       |       |     2 |       ||     2
  Use: Potion            |       |     1 |     4 |     1 ||     6
       Scroll            |       |       |    10 |     7 ||    17
 Stab: Sleeping          |    10 |     8 |    13 |     7 ||    38
       Distracted        |       |       |     2 |     2 ||     4
Armor: Robe              |    10 |       |   103 |     3 ||   116
       Ring mail         |       |    64 |    25 |   106 ||   195
       Skin              |       |       |    77 |       ||    77
Dodge: Dodged            |    22 |    93 |   286 |   244 ||   645
Block: Other             |       |       |    72 |   100 ||   172
       Reflection        |       |       |     2 |    10 ||    12
       Rpst.: Falchion   |       |       |       |    36 ||    36
